 Dungeon Crawl Stone Soup version 0.24.0-37-gcf1ca852f1 (webtiles) character file.

Game seed: 3077262052371059867, levelgen mode: deterministic

4 grindst0ne the Grasshopper (level 1, 0/19 HPs)
             Began as a Naga Warper on Nov 28, 2019.
             Slain by a kobold
             ... wielding a +0 short sword
              (5 damage)
             ... on level 1 of the Dungeon.
             The game lasted 00:00:33 (359 turns).

grindst0ne the Grasshopper (Naga Warper)             Turns: 359, Time: 00:00:34

Health: 0/19       AC:  1    Str: 13    XL:     1   Next: 60%
Magic:  3/3        EV:  9    Int: 13    God:
Gold:   0          SH:  0    Dex: 10    Spells: 4/4 levels left

rFire    . . .     SeeInvis +   a - +0 hand axe
rCold    . . .     Gourm    .   (no shield)
rNeg     . . .     Faith    .   b - +0 leather armour
rPois    +         Spirit   .   (no helmet)
rElec    .         Reflect  .   (no cloak)
rCorr    .         Harm     .   (no gloves)
MR       .....                  (no barding)
Stlth    +.........             (no amulet)
HPRegen  0.06/turn              (no ring)
MPRegen  0.08/turn              (no ring)

@: very slow
A: large, see invisible, deformed body, poison resistance, slowness 2, slow
metabolism 1, spit poison 1, AC +0
a: Spit Poison


You were on level 1 of the Dungeon.
You were not hungry.

You visited 1 branch of the dungeon, and saw 1 of its levels.

Inventory:

Hand Weapons
 a - a +0 hand axe (weapon)
Missiles
 e - 2 boomerangs of dispersal (quivered)
Armour
 b - a +0 leather armour (worn)
Scrolls
 d - a scroll of blinking
Potions
 c - a potion of flight {unknown}
 g - a potion of haste {unknown}
 h - a potion of cancellation {unknown}
Comestibles
 f - a ration
 i - 3 chunks of flesh


   Skills:
 + Level 2.2 Fighting
 + Level 2.2 Axes
 - Level 0.8 Throwing
 - Level 0.7 Armour
 - Level 1.5 Dodging
 - Level 2.0 Spellcasting
   Level 3.0 Translocations


You had 4 spell levels left.
You didn't know any spells.
Your spell library contained the following spells:

 Spells                   Type           Power        Failure   Level  Hunger
 Blink                    Tloc           N/A          14%         2    ###....
 Shroud of Golubria       Chrm/Tloc      #.....       26%         2    ###....
 Gell's Gravitas          Tloc           #.........   28%         3    ####...
 Lesser Beckoning         Tloc           #.........   28%         3    ####...
 Teleport Other           Tloc           #.......     28%         3    ####...
 Passage of Golubria      Tloc           N/A          67%         4    #####..


Dungeon Overview and Level Annotations

Branches:
Dungeon (1/15)

Altars:


Innate Abilities, Weirdness & Mutations

You cannot wear boots.
Your serpentine skin is tough. (AC +0)
You have supernaturally acute eyesight. (SInv)
Armour fits poorly on your strangely shaped body.
Your system is resistant to poisons. (rPois)
You cover ground very slowly.
You have a slow metabolism.
You can spit poison.


Message History

The kobold throws a stone.
The stone hits you but does no damage.
Things that are here:
a stone; a robe The kobold throws a stone.
The stone hits you.
You see here a stone.
Press: ? - help, Shift-Dir - straight line, f - kobold
Aim: a kobold, wielding a +0 short sword The splash of poison misses the kobold.
You feel slightly more hungry.
The kobold throws a stone.
The stone barely misses you.
Okay, then.
The kobold barely misses you.
Things that are here:
a stone; a robe You hit the kobold.
The kobold is moderately wounded.
The kobold hits you with a +0 short sword.
* * * LOW HITPOINT WARNING * * *
You have got your breath back.
The kobold hits you with a +0 short sword.
You die...

.### ###...###.####
..............
.....?........
....$.........
.....##....###
#.######.b...##>......
#(...@Kb######........
#######.#......#.#####
#..........## #
#..######...####
#..#.............
#.##........##### ...
#............. .###
#........##### #
#........#


You could see 2 bats and a kobold.

Vanquished Creatures
  A leopard gecko (D:1)
  A hobgoblin (D:1)
  A kobold (D:1)
3 creatures vanquished.

Notes
Turn   | Place    | Note
-------+----------+-------------------------------------------
     0 | D:1      | grindst0ne the Naga Warper began the quest for the Orb.
     0 | D:1      | Reached XP level 1. HP: 19/19 MP: 3/3
   359 | D:1      | Slain by a kobold

Levels and vault maps discovered:
D:1:      evilmike_arrival_rings, layout_rooms, interstate_on_off,
          minmay_pentomino_w2

Action                   || total
-------------------------++-------
Melee: Hand axe          ||    14
Throw: Boomerang         ||     3
 Abil: Spit Poison       ||     2
Armor: Leather armour    ||     3
Dodge: Dodged            ||    12
